 Dungeon Crawl Stone Soup version 0.28-a0-1159-g27aa881441 (webtiles) character file.

Game seed: 16659704483913730744

55951 ReploidZero the Eclecticist (level 15, -10/104 HPs)
             Began as a Djinni Conjurer on Dec 14, 2021.
             Was a High Priest of Nemelex Xobeh.
             Mangled by an orc warlord (58 damage)
             ... on level 2 of the Orcish Mines on Dec 15, 2021.
             The game lasted 01:43:53 (29483 turns).

ReploidZero the Eclecticist (Djinni Conjurer)      Turns: 29483, Time: 01:43:54

Health: -10/104    AC: 16    Str: 12    XL:     15   Next: 20%
Gold:   2473       EV: 12    Int: 28    God:    Nemelex Xobeh [*****.] SH:  0 Dex: 11

rFire   + + .      SeeInvis .   D - staff of cold
rCold   . . .      Faith    .   (no shield)
rNeg    . . .      Spirit   .   A - +1 acid dragon scales
rPois   ∞          Reflect  .   J - +0 helmet
rElec   .          Harm     .   v - +0 cloak
rCorr   +          Rampage  .   c - +0 pair of gloves
Will    +....                   (boots unavailable)
Stlth   +.........              (no amulet)
HPRegen 0.27/turn               B - +6 ring of strength
MPRegen 0.00/turn               C - +4 ring of protection

@: flying
A: sickness immunity, fire resistance 2, cold vulnerability 1, float, innate
caster, hp casting, extra vitality 1, mutation resistance 1, sturdy frame 1
a: Renounce Religion, Draw Escape, Draw Destruction, Draw Summoning, Triple
Draw, Deal Four, Stack Five


You were on level 2 of the Orcish Mines.
You worshipped Nemelex Xobeh.
Nemelex Xobeh was extremely pleased with you.
You visited 5 branches of the dungeon, and saw 23 of its levels.

You collected 2473 gold pieces.

Inventory:

Hand Weapons
 u - a +3 vorpal quarterstaff
Missiles
 h - 502 stones
 r - 5 throwing nets
Armour
 c - a +0 pair of gloves (worn)
 l - +0 steam dragon scales
 v - a +0 cloak (worn)
 A - +1 acid dragon scales (worn)
 G - a +2 robe of cold resistance
 J - a +0 helmet (worn)
Magical Staves
 a - a staff of earth
 j - a staff of death
 D - a staff of cold (weapon)
Jewellery
 e - a ring of fire
 B - a +6 ring of strength (left hand)
 C - a +4 ring of protection (right hand)
 I - a +6 ring of dexterity
Wands
 g - a wand of paralysis (20)
 n - a wand of mindburst (10)
 o - a wand of polymorph (10)
 p - a wand of flame (61)
 q - a wand of acid (20)
 y - a wand of iceblast (14)
 H - a wand of digging (13)
Scrolls
 i - 6 scrolls of teleportation
 s - a scroll of silence
 w - a scroll of enchant armour
 E - 4 scrolls of identify
Potions
 b - 7 potions of invisibility
 d - 2 potions of lignification
 f - 7 potions of curing
 k - 3 potions of mutation
 t - 3 potions of might
 x - a potion of berserk rage
 F - 3 potions of ambrosia
Miscellaneous
 m - a tin of tremorstones (2/2)
 z - a condenser vane


   Skills:
 + Level 8.4 Fighting
 + Level 5.3 Armour
 - Level 2.1 Dodging
 - Level 1.5 Stealth
 * Level 15.5 Spellcasting
 + Level 13.1 Invocations


You had 6 spell levels left.
You knew the following spells:

 Your Spells              Type           Power      Damage    Failure   Level
a - Magic Dart            Conj           100%       1d8       0%          1
b - Searing Ray           Conj           100%       2d8       0%          2
c - Dazzling Flash        Conj/Hex       100%       N/A       0%          3
d - Fulminant Prism       Conj/Hex       41%        3d20      1%          4
e - Iskenderun's Mystic   Conj/Tloc      83%        2d16      1%          4
f - Sandblast             Erth           100%       2d20      0%          1
g - Passwall              Tmut/Erth      69%        N/A       0%          2
h - Gell's Gravitas       Tloc           83%        N/A       0%          3
i - Airstrike             Air            41%        N/A       1%          4
j - Petrify               Tmut/Erth      83%        N/A       1%          4
k - Freezing Cloud        Conj/Ice/Air   52%        6-21      1%          5
l - Simulacrum            Ice/Necr       52%        N/A       1%          6
Your spell library was empty.

Dungeon Overview and Level Annotations

Branches:
Dungeon (13/15)            Temple (1/1) D:7            Lair (6/6) D:9
  Swamp (0/4) Lair:3        Snake (1/4) Lair:3        Slime (0/5) Lair:5
    Orc (2/2) D:11            Elf (0/3) Orc:2
 Vaults: D:13-14

Altars:
Ashenzari
Cheibriados
Dithmenos
Elyvilon
Fedhas
Gozag
Hepliaklqana
Kikubaaqudgha
Makhleb
Nemelex Xobeh
Okawaru
Qazlal
Ru
Sif Muna
Trog
Uskayaw
Vehumet
Wu Jian
Xom
Yredelemnul
Zin
The Shining One

Shops:
Orc:1 *

Portals:
Abyss: Snake:1

Annotations:
Lair:5 3 runed translucent doors, Wanecan's ghost, journeyman HuBe
Snake:1 1 transporter, croobank's ghost, adept DgFi


Innate Abilities, Weirdness & Mutations

You are immune to sickness and miasma.
You are immune to poison.
Your flesh is very heat resistant. (rF++)
You are vulnerable to cold. (rC-)
You float through the air rather than walking.
You learn spells naturally, not from books.
Your magical power is your life essence.
You have superior vitality. (+4 HP)
You are somewhat resistant to further mutation.
Your movements are slightly less encumbered by armour. (ER -2)


Message History

Press: ? - help, Q - select action, (/) - cycle Shift-Dir - straight line, f - orc warlord
Aim: an orc warlord, wielding a +5 glaive of venom and wearing a +3 chain mail of cold resistance (freezing vapour, lightly wounded, 100% to hit)
The magic dart hits the orc warlord but does no damage.
The orc warlord is lightly wounded.
The orc warlord is engulfed in freezing vapours.
The orc warlord roars a battlecry!
Casting: Magic Dart (safe; 0% risk of failure)
Confirm with . or Enter, or press ? or * to list all spells.
Aiming: Fulminant Prism (safe; 1% risk of failure)
Press: ? - help, Dir - move target, p - orc warlord You conjure a prism of explosive energy!
A fulminant prism comes into view.
The orc warlord is engulfed in freezing vapours.
Your fulminant prism crackles loudly.
The orc warlord goes into a battle-frenzy!
The orc warlord is engulfed in freezing vapours.
Your fulminant prism explodes!
The blast of energy engulfs the orc warlord!
The orc warlord is moderately wounded.
You hear a shout! x4
The orc warlord is engulfed in freezing vapours.
Aiming: Magic Dart (safe; 0% risk of failure)
Press: ? - help, Q - select action, (/) - cycle Shift-Dir - straight line, f - orc warlord
Aim: an orc warlord, wielding a +5 glaive of venom and wearing a +3 chain mail of cold resistance (freezing vapour, moderately wounded, strong, 100% to hit)
Okay, then.
You draw a card...
You have drawn Wild Magic.
The orc warlord convulses helplessly with pain!!
The orc warlord is drained!
You feel a surge of magic.
The orc warlord is engulfed in freezing vapours.
Unknown command.
Casting: Magic Dart (safe; 0% risk of failure)
Confirm with . or Enter, or press ? or * to list all spells.
You erupt in a blast of force!
The mystic blast hits the orc warlord but does no damage.
The orc warlord is severely wounded.
You hear a shout!
The orc warlord hits you from afar with a +5 glaive of venom!!!
Ouch! That really hurt!
You die...
Your body glows with a rainbow of weird colours and disappears.

.......###...###.........
.......##.#.##...........
.......#.................
.........................
..........###.##.........
.##.##....##..###........
####.........##........
###........#....####..#.
#.........##...@# #.#
.#........####...# ##
........#.###.#.o#
........####...§§#
.......## ##..§§#
#......## ###§§#
........# ##§§8)
.......#### ..§.o.
..........## ..)).


You could see an orc warlord (strong, drained).

Vanquished Creatures
  2 fire dragons
  Harold (D:9)
  Erolcha (D:11)
  A boulder beetle (D:11)
  10 hydras
  Erica (D:8)
  3 two-headed ogres
  A naga sharpshooter (Snake:1)
  7 death yaks
  2 orc high priests
  A shock serpent (Lair:4)
  2 bog bodies (Lair:3)
  Pikel (D:6)
  An orc knight (Orc:2)
  A deep elf pyromancer (D:9)
  3 orc sorcerers
  A manticore (D:12)
  2 mana vipers
  An ugly thing (D:12)
  A salamander (Snake:1)
  A cyclops (D:12)
  5 elephants
  5 black mambas
  A torpor snail (Lair:6)
  2 molten gargoyles (Lair:6)
  3 naga magi (Snake:1)
  4 cane toads
  Psyche (D:8)
  8 komodo dragons
  2 rime drakes
  A polar bear (Lair:1)
  Grinder (D:4)
  2 hornets
  6 trolls
  Prince Ribbit (D:9)
  14 blink frogs
  A spriggan (Lair:4)
  A wraith (D:10)
  10 yaks
  A shadow (D:10)
  A redback (Lair:4)
  4 basilisks (Lair:6)
  A vampire (D:11)
  Eustachio (D:5)
  8 wyverns
  4 steam dragons
  4 vampire mosquitoes (D:12)
  2 wargs
  5 nagas
  An acid dragon (D:11)
  13 water moccasins
  3 hell hounds (Lair:6)
  A sky beast (D:5)
  A swamp drake (D:12)
  An ice beast (D:8)
  22 orc warriors
  8 centaurs
  18 wolves
  5 ogres
  2 gnoll sergeants
  11 bullfrogs
  2 scorpions
  4 wights (D:10)
  2 electric eels (D:3)
  5 howler monkeys
  5 lava snakes (Lair:6)
  2 centaur zombies
  A centaur skeleton (D:6)
  A hound (D:5)
  12 jellies
  Crazy Yiuf (D:4)
  9 orc priests
  A bullfrog skeleton (D:5)
  Natasha (D:2)
  A gnoll shaman (D:7)
  4 iguanas
  12 orc wizards
  A killer bee zombie (D:6)
  A howler monkey skeleton (D:7)
  16 gnolls
  5 adders
  A shadow imp (D:5)
  An adder skeleton (D:4)
  2 worms
  3 dart slugs
  47 orcs
  5 bats
  6 endoplasms
  3 giant cockroaches
  7 goblins
  4 hobgoblins
  A quokka (D:4)
  3 ball pythons
  2 frilled lizards
  6 kobolds
  4 rats
410 creatures vanquished.

Vanquished Creatures (collateral kills)
  A ghost moth (Lair:5)
  Fannar (D:11)
  2 elephants (Lair:6)
  A cane toad (Lair:5)
  2 blink frogs (Lair:1)
  An ogre (D:5)
  An orc wizard (Orc:1)
  4 orcs
13 creatures vanquished.

Vanquished Creatures (others)
  A yak (Lair:4)
  45 fulminant prisms
  34 fungi
  59 plants
139 creatures vanquished.

Grand Total: 562 creatures vanquished

Notes
Turn   | Place    | Note
-------+----------+-------------------------------------------
     0 | D:1      | ReploidZero the Djinni Conjurer began the quest for the
                  | Orb.
     0 | D:1      | Reached XP level 1. HP: 15/15 MP: 0/0
   147 | D:1      | Found a faded altar of an unknown god.
   203 | D:1      | Reached XP level 2. HP: 17/21 MP: 0/0
  1122 | D:2      | Reached XP level 3. HP: 21/25 MP: 0/0
  1122 | D:2      | Learned a level 1 spell: Sandblast
  1249 | D:2      | Reached skill level 4 in Spellcasting
  1548 | D:2      | Noticed Natasha
  1553 | D:2      | Killed Natasha
  1554 | D:2      | Reached XP level 4. HP: 25/31 MP: 0/0
  2037 | D:3      | Found a transporter.
  2402 | D:3      | Found a transporter.
  3112 | D:3      | Reached skill level 5 in Spellcasting
  3112 | D:3      | Reached XP level 5. HP: 27/35 MP: 0/0
  3112 | D:3      | Learned a level 2 spell: Passwall
  3269 | D:4      | Noticed Grinder
  3405 | D:4      | Paralysed by Grinder for 6 turns
  3412 | D:4      | Killed Grinder
  3413 | D:4      | Reached skill level 6 in Spellcasting
  3413 | D:4      | Reached XP level 6. HP: 24/40 MP: 0/0
  3413 | D:4      | Reached XP level 7. HP: 27/45 MP: 0/0
  3413 | D:4      | Learned a level 3 spell: Gell's Gravitas
  3599 | D:4      | Found a runed translucent door.
  3600 | D:4      | Noticed Crazy Yiuf
  3893 | D:4      | Upgraded the game from 0.28-a0-1152-g9c71ebef14 to
                  | 0.28-a0-1159-g27aa881441
  4063 | D:4      | Killed Crazy Yiuf
  4308 | D:5      | Entered Level 5 of the Dungeon
  4571 | D:5      | Reached skill level 7 in Spellcasting
  4572 | D:5      | Reached XP level 8. HP: 49/50 MP: 0/0
  4894 | D:5      | Noticed Eustachio
  4912 | D:5      | Killed Eustachio
  4927 | D:5      | Reached skill level 8 in Spellcasting
  5271 | D:6      | Noticed Pikel
  5783 | D:6      | Reached XP level 9. HP: 43/55 MP: 0/0
  5783 | D:6      | Learned a level 4 spell: Airstrike
  6080 | D:6      | Reached skill level 9 in Spellcasting
  6199 | D:6      | Killed Pikel
  6529 | D:7      | Found a staircase to the Ecumenical Temple.
  6550 | Temple   | Entered the Ecumenical Temple
  6585 | Temple   | Became a worshipper of Nemelex Xobeh the Trickster
  7350 | D:7      | Reached skill level 10 in Spellcasting
  7361 | D:7      | Reached skill level 1 in Invocations
  7727 | D:7      | Identified the +1 ring mail "Heoxumi" {rN+ MP+9 Stlth-}
  7844 | D:8      | Noticed a hornet
  7852 | D:8      | Killed a hornet
  7853 | D:8      | Reached XP level 10. HP: 16/60 MP: 0/0
  7853 | D:8      | Noticed Erica
  8033 | D:8      | Killed Erica
  8231 | D:8      | Reached skill level 5 in Invocations
  8261 | D:8      | Noticed Psyche
  8264 | D:8      | Killed Psyche
  8884 | D:9      | Reached * piety under Nemelex Xobeh
  9173 | D:9      | Received a gift from Nemelex Xobeh
  9237 | D:9      | Noticed Harold
  9242 | D:9      | Noticed a deep elf pyromancer
  9243 | D:9      | Killed Harold
  9244 | D:9      | Reached skill level 11 in Spellcasting
  9247 | D:9      | Killed a deep elf pyromancer
  9525 | D:9      | Reached XP level 11. HP: 30/65 MP: 0/0
  9525 | D:9      | Learned a level 4 spell: Petrify
  9546 | D:9      | Noticed Prince Ribbit
  9752 | D:9      | Killed Prince Ribbit
 10040 | D:9      | Found a staircase to the Lair.
 10179 | D:10     | Entered Level 10 of the Dungeon
 11566 | D:11     | Found an ornate altar of the Wu Jian Council.
 11608 | D:11     | Noticed a boulder beetle
 11860 | Lair:1   | Entered Level 1 of the Lair of Beasts
 11988 | Lair:1   | Reached ** piety under Nemelex Xobeh
 12332 | Lair:1   | Reached skill level 12 in Spellcasting
 12745 | Lair:1   | Received a gift from Nemelex Xobeh
 12921 | Lair:1   | Gained mutation: Your movements are slightly less
                  | encumbered by armour. (ER -2) [potion of mutation]
 12921 | Lair:1   | Gained mutation: You are somewhat resistant to further
                  | mutation. [potion of mutation]
 13043 | Lair:2   | Reached *** piety under Nemelex Xobeh
 13098 | Lair:2   | Noticed a five-headed hydra
 13103 | Lair:2   | Killed a five-headed hydra
 13104 | Lair:2   | Reached skill level 1 in Armour
 13391 | Lair:2   | Received a gift from Nemelex Xobeh
 13782 | Lair:2   | Noticed a four-headed hydra
 13787 | Lair:2   | Killed a four-headed hydra
 14141 | Lair:3   | Noticed a bog body
 14144 | Lair:3   | Killed a bog body
 14148 | Lair:3   | Killed a bog body
 14149 | Lair:3   | Reached XP level 12. HP: 63/70 MP: 0/0
 14203 | Lair:3   | Found a staircase to the Swamp.
 14313 | Lair:3   | Found a staircase to the Snake Pit.
 14893 | Lair:3   | Identified the +8 hand axe of Wariness {drain, rElec Dex-5
                  | SInv}
 14902 | Lair:3   | Reached **** piety under Nemelex Xobeh
 14920 | Lair:3   | Received a gift from Nemelex Xobeh
 15406 | Snake:1  | Entered Level 1 of the Snake Pit
 15406 | Snake:1  | Noticed a shock serpent
 15489 | Snake:1  | Reached skill level 10 in Invocations
 15964 | Snake:1  | Found a transporter.
 15966 | Snake:1  | Noticed a hell hog
 16215 | Snake:1  | Noticed a naga sharpshooter
 16223 | Snake:1  | Killed a naga sharpshooter
 16223 | Snake:1  | Noticed a naga sharpshooter
 16224 | Snake:1  | Reached skill level 5 in Armour
 16239 | Snake:1  | Found a one-way gate to the infinite horrors of the Abyss.
 16239 | Snake:1  | Noticed croobank's ghost (adept DgFi)
 16249 | Snake:1  | Noticed a cacodemon
 16250 | Snake:1  | Noticed a nagaraja
 16527 | Lair:4   | Noticed a death yak
 16527 | Lair:4   | Noticed a death yak
 16528 | Lair:4   | Noticed a death yak
 16535 | Lair:4   | Noticed a death yak
 16536 | Lair:4   | Noticed a seven-headed hydra
 16538 | Lair:4   | Noticed a death yak
 16539 | Lair:4   | Noticed a death yak
 16539 | Lair:4   | Noticed a death yak
 16541 | Lair:4   | Noticed a death yak
 16542 | Lair:4   | Killed a death yak
 16543 | Lair:4   | Reached skill level 1 in Fighting
 16791 | Lair:4   | Reached skill level 13 in Spellcasting
 16813 | Lair:4   | Killed a seven-headed hydra
 17191 | Lair:4   | Noticed a quicksilver ooze
 17191 | Lair:4   | a death yak changed into a quicksilver ooze
 17191 | Lair:4   | Noticed an entropy weaver
 17191 | Lair:4   | a death yak changed into an entropy weaver
 17191 | Lair:4   | Noticed a four-headed hydra
 17191 | Lair:4   | a death yak changed into a four-headed hydra
 17191 | Lair:4   | a quicksilver ooze changed into a redback
 17191 | Lair:4   | an entropy weaver changed into an elephant
 17191 | Lair:4   | a four-headed hydra changed into a mana viper
 17200 | Lair:4   | Reached XP level 13. HP: 58/80 MP: 0/0
 17200 | Lair:4   | Learned a level 5 spell: Freezing Cloud
 17906 | Lair:4   | Noticed a five-headed hydra
 17916 | Lair:4   | Killed a five-headed hydra
 18275 | Lair:4   | Received a gift from Nemelex Xobeh
 18671 | Lair:4   | Received a gift from Nemelex Xobeh
 18672 | Lair:4   | Identified a scroll of acquirement
 19089 | Lair:5   | Reached skill level 5 in Fighting
 19089 | Lair:5   | Reached skill level 14 in Spellcasting
 19216 | Lair:5   | Found a staircase to the Slime Pits.
 19460 | Lair:5   | Found a runed translucent gate.
 19461 | Lair:5   | Found a runed translucent gate.
 19461 | Lair:5   | Noticed Wanecan's ghost (journeyman HuBe)
 19462 | Lair:5   | Found a runed translucent gate.
 19462 | Lair:5   | Noticed an anaconda
 19465 | Lair:5   | Noticed a catoblepas
 19548 | Lair:5   | Noticed a four-headed hydra
 19552 | Lair:5   | Killed a four-headed hydra
 19587 | Lair:5   | Noticed an eight-headed hydra
 19588 | Lair:5   | an eight-headed hydra changed into something unseen
 19610 | Lair:5   | Killed a ghost moth
 20169 | Lair:6   | Entered Level 6 of the Lair of Beasts
 20192 | Lair:6   | HP: 5/129 [elephant (12)]
 20200 | Lair:6   | Reached XP level 14. HP: 16/93 MP: 0/0
 20524 | Lair:5   | Acquired 651 gold pieces
 20953 | Lair:6   | Received a gift from Nemelex Xobeh
 21813 | Lair:6   | Received a gift from Nemelex Xobeh
 22634 | Lair:6   | Found a large runed translucent door.
 22634 | Lair:6   | Found a large runed translucent door.
 23712 | D:11     | Noticed Fannar
 23712 | D:11     | Found a staircase to the Orcish Mines.
 23912 | D:11     | Killed Fannar
 24350 | D:11     | Noticed Erolcha
 24361 | D:11     | Killed Erolcha
 24362 | D:11     | Reached skill level 15 in Spellcasting
 24958 | D:11     | Received a gift from Nemelex Xobeh
 27055 | Orc:1    | Entered Level 1 of the Orcish Mines
 27099 | Orc:1    | Paralysed by an orc sorcerer for 4 turns
 27214 | Orc:1    | Found Oretioshrol's Overcharged Wands.
 27282 | Orc:1    | Reached XP level 15. HP: 52/103 MP: 0/0
 27282 | Orc:1    | Learned a level 6 spell: Simulacrum
 28445 | Orc:1    | Received a gift from Nemelex Xobeh
 28710 | Orc:2    | Entered Level 2 of the Orcish Mines
 28791 | Orc:2    | Reached ***** piety under Nemelex Xobeh
 28796 | Orc:2    | Found a staircase to the Elven Halls.
 29046 | Orc:2    | Received a gift from Nemelex Xobeh
 29131 | Orc:2    | Noticed an orc warlord
 29483 | Orc:2    | Mangled by an orc warlord

Illustrated notes

Levels and vault maps discovered:
D:1:      dpeg_arrival_simpleton_b, layout_basic,
          hellmonk_ecumenical_altar_inner_sanctum
D:2:      layout_loops_ring, uniq_natasha
D:3:      gammafunk_steamed_eel, layout_basic,
          mainiacjoe_overflow_surrounded_room
D:4:      layout_rooms, st_stairs_4, uniq_grinder, uniq_crazy_yiuf_cottage
D:5:      layout_gridville, kennysheep_small_circle, uniq_eustachio
D:6:      layout_layer_cave, uniq_pikel
D:7:      layout_basic, minmay_temple_entry_offerings
D:8:      layout_rooms, uniq_psyche, uniq_erica
D:9:      layout_rooms, lair_entry_dummy, uniq_harold, uniq_prince_ribbit1
D:10:     layout_rooms
D:11:     layout_roguey, nzn_wu_jian_contemplation, uniq_fannar, uniq_erolcha
D:12:     layout_roguey
D:13:     layout_loops_cross, special_room [special_room_bee],
          kennysheep_generic_room_2
Temple:   nicolae_temple_the_god_donut
Lair:1:   layout_misc_corridors, special_room
Lair:2:   layout_regular_city
Lair:3:   layout_roguey, skrybe_swamp_entry_bodies, guppyfry_snake_entry_garden,
          chequers_serial_rivers_micro_e, beast_lair_carwin_3
Lair:4:   layout_regular_city
Lair:5:   layout_roguey, minmay_slime_entry_jelly_boxes, gammafunk_ghost_split
Lair:6:   cheibrodos_lair_end_hotspot, layout_small_grid,
          portal_ice_cave_entry_pillars_1
Snake:1:  layout_layer_cave, gammafunk_ghost_abyssal_escape
Orc:1:    layout_diamond_mine, nicolae_shop_overcharged_wands
Orc:2:    grunt_orc_cross, layout_diamond_mine

Skill      XL: |  1  2  3  4  5  6  7  8  9 10 11 12 13 14 15 |
---------------+----------------------------------------------+-----
Spellcasting   | 4 5 6 7 8 10 11 12 13 14 15 | 15.5
Invocations    | 3 6 9 10 11 12 13 | 13.1
Armour         | 3 5 |  5.3
Fighting       | 2 5 8 |  8.4
Dodging        | |  2.1
Stealth        | |  1.5

Action                   |  1- 3 |  4- 6 |  7- 9 | 10-12 | 13-15 || total
-------------------------+-------+-------+-------+-------+-------++-------
Melee: Dagger            |       |     9 |       |       |       ||     9
       Quarterstaff      |       |       |     2 |     6 |    18 ||    26
       Staff             |       |       |       |       |     6 ||     6
 Cast: Magic Dart        |    38 |    39 |    44 |    24 |    69 ||   214
       Searing Ray       |     2 |       |     3 |       |     5 ||    10
       Sandblast         |     2 |     5 |    71 |    41 |    49 ||   168
       Fulminant Prism   |       |     3 |     8 |    13 |    21 ||    45
       Iskenderun's Myst |       |       |     4 |    17 |    89 ||   110
       Airstrike         |       |       |     6 |   146 |   203 ||   355
       Petrify           |       |       |       |     1 |       ||     1
       Freezing Cloud    |       |       |       |       |    10 ||    10
       Simulacrum        |       |       |       |       |     8 ||     8
Invok: Draw Summoning    |       |       |       |     1 |     5 ||     6
       Draw Destruction  |       |       |       |     4 |    26 ||    30
       Deal Four         |       |       |       |     1 |       ||     1
       Triple Draw       |       |       |       |       |     2 ||     2
       Draw Escape       |       |       |       |       |     1 ||     1
Evoke: Wand              |       |       |       |       |     1 ||     1
  Use: Scroll            |       |       |    10 |     6 |     9 ||    25
       Potion            |       |       |     1 |    11 |     8 ||    20
Armor: Robe              |     1 |       |     9 |       |       ||    10
       Acid dragon scale |       |       |       |    18 |    79 ||    97
       Steam dragon scal |       |       |       |     4 |       ||     4
       Skin              |       |       |       |       |    53 ||    53
Dodge: Dodged            |     8 |     3 |    29 |    27 |    70 ||   137

Table legend: (Time is in decaauts)
 A = Elapsed time spent in this place.
 B = Non-inter-level travel time spent in this place.
 C = Inter-level travel time spent in this place.
 D = Time resting spent in this place.
 E = Time spent auto-exploring this place.
 F = Levels seen in this place.
 G = Mean time per level.
                   A        B        C        D        E       F      G
               +--------+--------+--------+--------+--------+-----+--------+
         Total |  29517 |  28010 |   1507 |     12 |  24768 |  23 | 1283.3 |
       Dungeon |  14771 |  13866 |    905 |      2 |  12368 |  13 | 1136.2 |
        Temple |    675 |    607 |     68 |      0 |    584 |   1 |  675.0 |
          Lair |  10991 |  10490 |    501 |      0 |   9285 |   6 | 1831.8 |
     Snake Pit |    823 |    823 |      0 |     10 |    694 |   1 |  823.0 |
  Orcish Mines |   2256 |   2224 |     32 |      0 |   1837 |   2 | 1128.0 |
               +--------+--------+--------+--------+--------+-----+--------+

Top non-repeatable levels by time:
  Lair:6: 2940 daAuts
  Lair:3: 2549 daAuts
    D:11: 2140 daAuts
  Lair:5: 1854 daAuts
    D:12: 1639 daAuts
     D:9: 1559 daAuts
  Lair:4: 1524 daAuts
   Orc:1: 1483 daAuts
     D:3: 1251 daAuts
     D:1: 1204 daAuts
     D:5: 1171 daAuts
    D:10: 1166 daAuts
  Lair:1: 1142 daAuts
     D:4: 1018 daAuts
     D:8: 996 daAuts
